 Dungeon Crawl Stone Soup version 0.21.1-1-g345015f (webtiles) character file.

56 Fang the Skirmisher (level 3, 0/36 HPs)
             Began as a Gargoyle Berserker on May 6, 2018.
             Was a Believer of Trog.
             Slain by an adder (1 damage)
             ... on level 2 of the Dungeon.
             The game lasted 00:02:21 (757 turns).

Fang the Skirmisher (Gargoyle Berserker)             Turns: 757, Time: 00:02:21

Health: 0/36       AC:  3    Str: 26    XL:     3   Next: 95%
Magic:  3/3        EV: 12    Int:  7    God:    Trog [**....]
Gold:   32         SH:  3    Dex:  9    Spells: 2/2 levels left

rFire    . . .     SeeInvis .   a - +0 hand axe
rCold    . . .     Gourm    .   (no shield)
rNeg     + . .     Faith    .   b - +0 animal skin
rPois    ∞         Spirit   .   (no helmet)
rElec    +         Reflect  +   (no cloak)
rCorr    .         Harm     .   (no gloves)
MR       .....                  (no boots)
Stlth    ..........             d - +3 amulet of reflection
HPRegen  0.12/turn              g - -2 ring of protection (curse)
MPRegen  0.08/turn              (no ring)

@: berserking, very quick
A: negative energy resistance 1, electricity resistance, unbreathing,
petrification resistance, rot immunity, AC +3
a: Berserk, Trog's Hand, Burn Spellbooks, Renounce Religion


You were on level 2 of the Dungeon.
You worshipped Trog.
Trog was pleased with you.
You were hungry.

You visited 1 branch of the dungeon, and saw 2 of its levels.

You collected 32 gold pieces.

Inventory:

Hand Weapons
 a - a +0 hand axe (weapon)
Armour
 b - a +0 animal skin (worn)
Jewellery
 d - a +3 amulet of reflection (around neck)
 g - a cursed -2 ring of protection (left hand)
Scrolls
 e - a scroll of teleportation {unknown}
 f - 3 scrolls of identify {unknown}
Potions
 h - a potion of lignification {unknown}
 i - a potion of berserk rage {unknown}
 j - a potion of haste {unknown}
Comestibles
 c - 3 rations


   Skills:
 + Level 3.9 Fighting
 + Level 3.6 Axes
 + Level 2.2 Armour
 + Level 1.9 Dodging
 + Level 0.2 Stealth


You had 2 spell levels left.
You didn't know any spells.

Dungeon Overview and Level Annotations

Branches:
Dungeon (2/15)

Altars:


Innate Abilities, Weirdness & Mutations

You are resistant to torment.
Your stone body is resilient. (AC +3)
You are immune to poison.
You resist negative energy. (rN+)
You are resistant to electric shocks. (rElec)
You can survive without breathing.
You are immune to petrification.
You are immune to rotting.


Message History

You feel the power of Trog in you as your rage grows.
You kill the dart slug!
Trog accepts your kill.
You barely miss the hobgoblin. The kobold hits you with a dagger.
* * * LOW HITPOINT WARNING * * *
An adder comes into view.
The adder hisses angrily.
You slash the kobold!
You kill the kobold!
Trog accepts your kill.
You hit the jackal. You hit the hobgoblin. The jackal bites you.
* * * LOW HITPOINT WARNING * * *
The hobgoblin hits you but does no damage.
A kobold comes into view.
A kobold comes into view.
The kobold shouts!
The jackal bites you.
* * * LOW HITPOINT WARNING * * *
The adder bites you.
You die...

#...≈.. ..≈...#
#...K≈K♣≈≈≈...#
########.#...≈.(≈..≈...#
.........#...≈.S≈..≈...#
#...#### #......S......#
###.# #......≈......#
#†### #.....S.......#
#...# #.....g@h.....#
###.# #######'#######
#.# #..# # #.#
#########.# #
#.###.....# #.#
..###.#.......# #.#
........#.....###.#
###..†....##(...#.# #
##......#####...##


You could see 3 adders, a jackal, a hobgoblin and 2 kobolds.

Vanquished Creatures
  An adder (D:2)
  An ooze (D:2)
  2 dart slugs
  A leopard gecko (D:1)
  A ball python (D:1)
  2 giant cockroaches
  5 goblins (D:1)
  3 hobgoblins
  4 jackals
  4 bats
  6 kobolds
  6 rats
36 creatures vanquished.

Notes
Turn   | Place    | Note
-------+----------+-------------------------------------------
     0 | D:1      | Fang the Gargoyle Berserker began the quest for the Orb.
     0 | D:1      | Reached XP level 1. HP: 14/14 MP: 1/1
   109 | D:1      | Reached XP level 2. HP: 14/19 MP: 2/2
   316 | D:1      | Reached XP level 3. HP: 13/24 MP: 3/3
   318 | D:1      | Reached ** piety under Trog
   757 | D:2      | HP: 1/36 [jackal (1)]
   757 | D:2      | Slain by an adder

Skill      XL: |  1  2 |
---------------+-------+-----
Axes           | 3 |  3.6
Fighting       | |  3.9
Armour         | |  2.2
Dodging        | |  1.9
Stealth        | |  0.2

Action                   || total
-------------------------++-------
Melee: Hand axe          ||    99
Invok: Berserk           ||     1
Armor: Animal skin       ||    32
Dodge: Dodged            ||    64
Block: Other             ||    12
